 Dungeon Crawl Stone Soup version 0.20.1-1-g8b1a95d (webtiles) character file.

30 Irenicus the Insei (level 3, 0/26 HPs)
             Began as an Octopode Chaos Knight on Oct 13, 2017.
             Slain by a giant cockroach (1 damage)
             ... on level 3 of the Dungeon.
             The game lasted 00:01:40 (501 turns).

Irenicus the Insei (Octopode Chaos Knight)           Turns: 501, Time: 00:01:40

Health: 0/26       AC:  3    Str: 11    XL:     3   Next: 18%
Magic:  3/3        EV: 13    Int: 14    God:    Xom [..*...]
Gold:   112        SH:  0    Dex: 12    Spells: 2/2 levels left

rFire    . . .     SeeInvis .     - Unarmed
rCold    . . .     Gourm    .   (no shield)
rNeg     . . .     Faith    .   (helmet restricted)
rPois    .         Spirit   .   (no amulet)
rElec    .         Reflect  .   c - +2 ring of protection
rCorr    .         Harm     .   (no ring)
MR       .....                  (no ring)
Stlth    ++........             (no ring)
Regen    0.1/turn               (no ring)
MPRegen  0.1/turn               (no ring)
                                (no ring)
                                (no ring)

@: flying
A: almost no armour, stealthy swim, amphibious, 8 rings, constrict 8, camouflage
1, gelatinous body 1
a: Renounce Religion


You were on level 3 of the Dungeon.
You worshipped Xom.
You were a toy of Xom.
You were not hungry.

You visited 1 branch of the dungeon, and saw 3 of its levels.

You collected 112 gold pieces.

Inventory:

Jewellery
 c - a +2 ring of protection (left tentacle)
 f - an uncursed ring of fire {unknown}
Scrolls
 b - a scroll of enchant weapon {unknown}
 e - 3 scrolls of teleportation {unknown}
 h - a scroll of random uselessness {unknown}
Comestibles
 a - a bread ration


   Skills:
 - Level 3.0 Fighting
 - Level 2.3 Dodging
 + Level 0.8 Stealth
 + Level 4.1 Unarmed Combat


You had 2 spell levels left.
You didn't know any spells.

Dungeon Overview and Level Annotations

Branches:
Dungeon (2/15)

Altars:

Annotations:
D:3 Robin


Innate Abilities, Weirdness & Mutations

You cannot wear most types of armour.
You are very stealthy in the water. (Stealth+)
You are amphibious.
You can wear up to eight rings at the same time.
You can use your tentacles to constrict eight enemies at once.
Your skin changes colour to match your surroundings (Stealth+).
Your rubbery body absorbs attacks. (AC +1, EV +1)


Message History

The kobold hits you with a short sword.
* * * LOW HITPOINT WARNING * * *
Something barely misses you.
You tentacle-slap something. You squeeze something.
The giant cockroach bites you but does no damage.
The kobold hits you with a short sword.
* * * LOW HITPOINT WARNING * * *
You aren't carrying any potions.
You aren't carrying any items that you can evoke.
You tentacle-slap something but do no damage.
The hobgoblin no longer looks unusually strong.
The giant cockroach barely misses you. The kobold hits you with a short sword.
* * * LOW HITPOINT WARNING * * *
The hobgoblin goes into a battle-frenzy!
You tentacle-slap the kobold. Your grab misses the kobold.
The kobold is moderately wounded.
The giant cockroach bites you but does no damage.
The kobold barely misses you. The giant cockroach bites you.
You die...
Xom yawns loudly!

.#.####
.....# #
.....
#.##.#.#
#......##
#...bg.
.##...sK#
.....g{@#
###.#####


You could see a giant cockroach, a hobgoblin, a goblin and a kobold.

Vanquished Creatures
  A dart slug (D:2)
  2 giant cockroaches (D:1)
  8 goblins
  5 hobgoblins
  3 bats (D:1)
  2 frilled lizards (D:1)
  2 kobolds (D:1)
  A rat (D:1)
24 creatures vanquished.

Notes
Turn   | Place    | Note
-------+----------+-------------------------------------------
     0 | D:1      | Irenicus the Octopode Chaos Knight began the quest for the Orb.
     0 | D:1      | Reached XP level 1. HP: 16/16 MP: 1/1
    85 | D:1      | XOM: silly message
   148 | D:1      | Reached XP level 2. HP: 21/21 MP: 2/2
   484 | D:2      | You fall through a shaft!
   484 | D:3      | Noticed Robin
   487 | D:3      | Reached skill level 4 in Unarmed Combat
   489 | D:3      | XOM: harmless Ice miscast
   489 | D:3      | XOM: butterfly on damage
   491 | D:3      | Reached XP level 3. HP: 23/26 MP: 3/3
   500 | D:3      | HP: 1/26 [kobold/short sword (2)]
   501 | D:3      | Slain by a giant cockroach

Skill      XL: |  1  2 |
---------------+-------+-----
Unarmed Combat | 4 |  4.1
Fighting       | |  3.0
Dodging        | |  2.3
Stealth        | |  0.8

Action                   || total
-------------------------++-------
Melee: Unarmed           ||    47
       Constrict         ||     9
       Tentacles         ||     7
  Use: Potion            ||     2
 Stab: Sleeping          ||     2
Armor: Skin              ||    11
Dodge: Dodged            ||    43
